Rangers vs Devils

Created - December 19, 2018 at 19:01

Goals
1 2 3 T
Rangers 1 0 0 1
Devils 2 0 1 3
Shots
1 2 3 T
Rangers 16 15 11 42
Devils 12 14 10 36

1st period

1. Rangers , James Neal 6 (Colten Teubert 5, Sean Couturier 16) at 8:12
2. Devils , Patrick Kane 23 (Taylor Hall 22, Dmitry Kulikov 9) at 10:00
3. Devils , Patrick Kane 24 (Taylor Hall 23, Matt Duchene 31) at 19:47

Penalties :
Matt Greene (NYR) for Roughing (Minor) at 1:38, Chris Bourque (NYR) for Interference (Minor) at 4:16

2nd period

No Goal

Penalties :
Dmitry Kulikov (NJD) for Tripping (Minor) at 16:05

3rd period

4. Devils , Steve Downie 7 (Jonathan Toews 22) at 13:39

Penalties :
No Penalty

Goalie Stats

Frederik Andersen (NYR), 33 saves from 36 shots - (0.917), L, 13-9-2, 60:00 minutes
Ryan Miller (NJD), 41 saves from 42 shots - (0.976), W, 12-10-2, 60:00 minutes

Players Stats for Rangers

Player Name              G  A  P  +/- PIM S  H  SB GA TA FO     MP     PP MP  PK MP  
------------------------------------------------------------------------------------
Alexei Emelin            0  0  0   1  0   2  1  1  1  0  0/0    13:55   0:00   1:38 
Artem Anisimov           0  0  0   0  0   2  1  0  0  0  1/3     7:42   0:00   0:00 
Cam Barker               0  0  0  -3  0   0  0  2  0  3  0/0    26:55   1:18   2:30 
Chris Bourque            0  0  0   0  2   2  1  0  0  1  0/0     8:15   0:04   0:03 
Colten Teubert           0  1  1   1  0   0  2  0  0  0  0/0    12:27   0:00   0:00 
Gustav Nyquist           0  0  0  -1  0   1  0  0  0  1  0/2    13:10   0:00   0:37 
Jakob Silfverberg        0  0  0  -1  0   6  0  1  0  1  0/1    21:21   1:01   1:33 
James Neal               1  0  1   0  0   4  2  0  0  0  0/0    15:56   0:55   0:00 
Magnus Paajarvi-Svensson 0  0  0   0  0   0  0  0  0  0  0/0     7:50   0:01   0:00 
Mark Fistric             0  0  0   0  0   1  1  0  0  1  0/0    21:30   0:41   2:20 
Matt Greene              0  0  0   0  2   1  3  2  0  1  0/0    19:17   0:00   0:49 
Matt Read                0  0  0  -1  0   4  1  1  0  2  0/1    15:32   1:18   2:01 
Milan Lucic              0  0  0  -1  0   4  0  0  2  2  1/1    19:43   1:03   0:00 
Patrice Bergeron         0  0  0  -1  0   1  2  1  1  0  15/34  21:16   1:03   1:33 
Richard Panik            0  0  0   0  0   3  1  0  0  0  0/0    15:56   0:55   0:00 
Ryan Suter               0  0  0  -3  0   3  1  1  0  0  0/0    23:52   0:00   0:39 
Sean Couturier           0  1  1   0  0   3  3  0  0  0  5/14   15:56   0:55   0:00 
Stephen Weiss            0  0  0  -1  0   5  4  0  0  0  6/14   15:27   0:41   2:09 

Players Stats for Devils

Player Name              G  A  P  +/- PIM S  H  SB GA TA FO     MP     PP MP  PK MP  
------------------------------------------------------------------------------------
Anthony Stewart          0  0  0  -1  0   0  2  0  0  0  0/0     7:25   0:00   0:27 
Ben Lovejoy              0  0  0   1  0   1  2  0  0  1  0/0    17:00   1:29   1:05 
Colton Parayko           0  0  0   0  0   0  1  2  0  0  0/0    13:32   0:00   0:21 
Dmitry Kulikov           0  1  1   0  2   1  0  2  0  0  0/0    22:04   2:29   0:00 
Jaden Schwartz           0  0  0   1  0   8  1  0  1  0  1/1    15:25   0:00   0:00 
Jonathan Toews           0  1  1   1  0   2  1  0  1  0  15/27  17:47   2:16   0:24 
Kellan Lain              0  0  0  -1  0   1  0  0  0  0  0/0     8:15   1:42   0:00 
Matt Duchene             0  1  1   2  0   1  1  0  0  0  15/27  23:49   1:42   0:10 
Nikita Kucherov          0  0  0   0  0   2  1  1  2  0  0/0    12:23   2:16   0:00 
Ondrej Palat             0  0  0   0  0   1  1  0  1  0  0/0    11:15   0:00   0:37 
Patrick Kane             2  0  2   2  0   3  3  1  3  1  1/1    23:37   1:42   0:24 
Ryan O'Byrne             0  0  0   1  0   3  0  2  0  1  0/0    21:06   0:00   1:05 
Scott Gomez              0  0  0   0  0   1  1  0  1  0  5/8    11:28   0:00   0:58 
Steve Downie             1  0  1   1  0   4  1  0  0  0  1/2    16:23   0:00   0:58 
Taylor Hall              0  2  2   2  0   4  1  1  1  0  3/3    23:43   2:16   0:00 
Travis Hamonic           0  0  0   1  0   1  0  1  1  0  0/0    23:16   1:29   0:54 
Tyler Bozak              0  0  0  -1  0   1  1  0  1  0  1/1     6:29   0:00   0:00 
Tyler Cuma               0  0  0   1  0   2  3  0  0  1  0/0    23:03   2:29   0:33 

3 Stars

1 - Ryan Miller (NJD)
2 - Patrick Kane (NJD)
3 - Taylor Hall (NJD)

Power Play

Rangers - 0 on 1 Attempt(s) - 0.00%
Devils - 0 on 2 Attempt(s) - 0.00%

Penalty Kill

Rangers - 2 on 2 Attempt(s) - 100.00% - Score 0 goal in Penalty Kill
Devils - 1 on 1 Attempt(s) - 100.00% - Score 0 goal in Penalty Kill

Team Stat

Rangers - Hits : 23 - Faceoff Wins : 28 - Blocked Shots : 9 - Penalty Minutes : 4
Devils - Hits : 20 - Faceoff Wins : 42 - Blocked Shots : 10 - Penalty Minutes : 2

Official

Referees : Unknown
Linesman : Unknown

Game Notes

No Game Note

Finance

Level 1 -- Attendance: 6000 (100.00%) -- Ticket Income $540,000
Level 2 -- Attendance: 5000 (100.00%) -- Ticket Income $285,000
Level 3 -- Attendance: 1781 (89.05%) -- Ticket Income $58,773
Level 4 -- Attendance: 3856 (96.40%) -- Ticket Income $96,400
Luxury Box -- Attendance: 903 (90.30%) -- Ticket Income $139,965
Game was played at the The prudential Center.
Total Attendance: 17540 (97.44%)
Total Ticket Income: $1,120,138
Other Income: $168,021
Total Income: $1,288,159

Rangers

5 vs 5 Forward 
   Center                   Left Wing                Right Wing               Time % Phy DF OF 
 1 Patrice Bergeron         Milan Lucic              Jakob Silfverberg        40     1   2  2  
 2 Sean Couturier           Richard Panik            James Neal               30     1   2  2  
 3 Stephen Weiss            Matt Read                Gustav Nyquist           20     1   2  2  
 4 Artem Anisimov           Chris Bourque            Magnus Paajarvi-Svensson 10     1   2  2  

5 vs 5 Defense 
   Defense                  Defense                                           Time % Phy DF OF 
 1 Cam Barker               Ryan Suter                                        40     1   2  2  
 2 Matt Greene              Mark Fistric                                      30     1   2  2  
 3 Colten Teubert           Alexei Emelin                                     20     1   2  2  
 4 Cam Barker               Ryan Suter                                        10     1   2  2  

PowerPlay Forward 
   Center                   Left Wing                Right Wing               Time % Phy DF OF 
 1 Patrice Bergeron         Milan Lucic              Jakob Silfverberg        60     1   2  2  
 2 Sean Couturier           Richard Panik            James Neal               40     1   2  2  

PowerPlay Defense
   Defense                  Defense                                           Time % Phy DF OF 
 1 Cam Barker               Matt Read                                         60     1   2  2  
 2 Mark Fistric             Stephen Weiss                                     40     1   2  2  

Penalty Kill 4 Players Forward 
   Center                   Wing                     Time % Phy DF OF 
 1 Stephen Weiss            Matt Read                60     1   2  2  
 2 Patrice Bergeron         Jakob Silfverberg        40     1   2  2  

Penalty Kill 4 Players Defense
   Defense                  Defense                  Time % Phy DF OF 
 1 Cam Barker               Mark Fistric             60     1   2  2  
 2 Matt Greene              Alexei Emelin            40     1   2  2  

Penalty Kill - 3 Players Forward 
   Forward                                           Time % Phy DF OF 
 1 Matt Read                                         60     1   2  2  
 2 Patrice Bergeron                                  40     1   2  2  

Penalty Kill - 3 Players Defense
   Defense                  Defense                  Time % Phy DF OF 
 1 Cam Barker               Mark Fistric             60     1   2  2  
 2 Matt Greene              Alexei Emelin            40     1   2  2  

4 vs 4 Forward 
   Center                   Wing                     Time % Phy DF OF 
 1 Milan Lucic              Patrice Bergeron         60     1   2  2  
 2 Jakob Silfverberg        Stephen Weiss            40     1   2  2  

4 vs 4 Defense
   Defense                  Defense                  Time % Phy DF OF 
 1 Cam Barker               Ryan Suter               60     1   2  2  
 2 Matt Greene              Mark Fistric             40     1   2  2  

Last Minutes Offensive
   Center                   Left Wing                Right Wing               Defense                  Defense                  
   Patrice Bergeron         Milan Lucic              Jakob Silfverberg        Cam Barker               James Neal               

Last Minutes Defensive
   Center                   Left Wing                Right Wing               Defense                  Defense                  
   Patrice Bergeron         Milan Lucic              Sean Couturier           Cam Barker               Mark Fistric             

Goaltenders
Starting : Frederik Andersen        
Backup : Braden Holtby            

Extra Forwards
Normal : Chris Bourque, Sean Couturier, Gustav Nyquist - PP : Chris Bourque, Sean Couturier - PK : Gustav Nyquist
Extra Defensemen
Normal : Colten Teubert, Cam Barker, Matt Greene - PP : Colten Teubert - PK : Cam Barker, Matt Greene
Penalty Shots
Milan Lucic, Patrice Bergeron, Jakob Silfverberg, Stephen Weiss, James Neal

Scratches
Alex Tanguay (Torn Left Knee Ligaments Injury)

Devils

5 vs 5 Forward 
   Center                   Left Wing                Right Wing               Time % Phy DF OF 
 1 Matt Duchene             Taylor Hall              Patrick Kane             40     0   2  3  
 2 Jonathan Toews           Jaden Schwartz           Steve Downie             30     0   2  3  
 3 Scott Gomez              Ondrej Palat             Nikita Kucherov          20     0   2  3  
 4 Tyler Bozak              Kellan Lain              Anthony Stewart          10     0   3  2  

5 vs 5 Defense 
   Defense                  Defense                                           Time % Phy DF OF 
 1 Ryan O'Byrne             Tyler Cuma                                        40     0   3  2  
 2 Ben Lovejoy              Travis Hamonic                                    30     0   3  2  
 3 Dmitry Kulikov           Colton Parayko                                    20     0   3  2  
 4 Travis Hamonic           Dmitry Kulikov                                    10     0   3  2  

PowerPlay Forward 
   Center                   Left Wing                Right Wing               Time % Phy DF OF 
 1 Jonathan Toews           Taylor Hall              Nikita Kucherov          60     0   2  3  
 2 Matt Duchene             Kellan Lain              Patrick Kane             40     0   2  3  

PowerPlay Defense
   Defense                  Defense                                           Time % Phy DF OF 
 1 Tyler Cuma               Dmitry Kulikov                                    60     1   2  2  
 2 Travis Hamonic           Ben Lovejoy                                       40     1   2  2  

Penalty Kill 4 Players Forward 
   Center                   Wing                     Time % Phy DF OF 
 1 Scott Gomez              Steve Downie             60     0   4  1  
 2 Jonathan Toews           Patrick Kane             40     0   4  1  

Penalty Kill 4 Players Defense
   Defense                  Defense                  Time % Phy DF OF 
 1 Ryan O'Byrne             Ben Lovejoy              60     1   2  2  
 2 Travis Hamonic           Dmitry Kulikov           40     1   2  2  

Penalty Kill - 3 Players Forward 
   Forward                                           Time % Phy DF OF 
 1 Scott Gomez                                       60     1   2  2  
 2 Taylor Hall                                       40     1   2  2  

Penalty Kill - 3 Players Defense
   Defense                  Defense                  Time % Phy DF OF 
 1 Travis Hamonic           Dmitry Kulikov           60     1   2  2  
 2 Ben Lovejoy              Ryan O'Byrne             40     1   2  2  

4 vs 4 Forward 
   Center                   Wing                     Time % Phy DF OF 
 1 Jonathan Toews           Steve Downie             60     1   2  2  
 2 Matt Duchene             Taylor Hall              40     1   2  2  

4 vs 4 Defense
   Defense                  Defense                  Time % Phy DF OF 
 1 Travis Hamonic           Ben Lovejoy              60     1   2  2  
 2 Colton Parayko           Ryan O'Byrne             40     1   2  2  

Last Minutes Offensive
   Center                   Left Wing                Right Wing               Defense                  Defense                  
   Matt Duchene             Taylor Hall              Patrick Kane             Tyler Cuma               Ben Lovejoy              

Last Minutes Defensive
   Center                   Left Wing                Right Wing               Defense                  Defense                  
   Matt Duchene             Taylor Hall              Patrick Kane             Travis Hamonic           Ben Lovejoy              

Goaltenders
Starting : Ryan Miller              
Backup : Keith Kinkaid            

Extra Forwards
Normal : Scott Gomez, Ondrej Palat, Anthony Stewart - PP : Scott Gomez, Ondrej Palat - PK : Anthony Stewart
Extra Defensemen
Normal : Dmitry Kulikov, Tyler Cuma, Colton Parayko - PP : Dmitry Kulikov - PK : Tyler Cuma, Colton Parayko
Penalty Shots
Patrick Kane, Taylor Hall, Matt Duchene, Nikita Kucherov, Jonathan Toews

Scratches
Brandon Bollig (Healthy)

% Time on Ice - Rangers

Lines # - Real PCT - Wanted PCT - Time Play
Normal Forward
1 - 35% - 40% - 18:53
2 - 28% - 30% - 15:01
3 - 23% - 20% - 12:27
4 - 14% - 10% - 7:42
Normal Defense
1 - 36% - 40% - 19:18
2 - 34% - 30% - 18:29
3 - 23% - 20% - 12:27
4 - 7% - 10% - 3:49
PP Forward
1 - 54% - 60% - 1:04
2 - 46% - 40% - 0:55
PP Defense
1 - 66% - 60% - 1:18
2 - 34% - 40% - 0:41
PK Forward
1 - 61% - 60% - 2:25
2 - 39% - 40% - 1:33
PK Defense
1 - 58% - 60% - 2:18
2 - 42% - 40% - 1:40
PK3 Forward
1 - 0% - 60%
2 - 0% - 40%
PK3 Defense
1 - 0% - 60%
2 - 0% - 40%
44 Forward
1 - 0% - 60%
2 - 0% - 40%
44 Defense
1 - 0% - 60%
2 - 0% - 40%
Last Minute Offensive  - 0:00
Last Minute Defensive  - 0:00
Total
Forward - 60:00
Defense - 60:00

% Time on Ice - Devils

Lines # - Real PCT - Wanted PCT - Time Play
Normal Forward
1 - 41% - 40% - 21:58
2 - 29% - 30% - 15:32
3 - 19% - 20% - 10:04
4 - 12% - 10% - 6:29
Normal Defense
1 - 37% - 40% - 20:01
2 - 27% - 30% - 14:28
3 - 24% - 20% - 13:09
4 - 12% - 10% - 6:25
PP Forward
1 - 57% - 60% - 2:16
2 - 43% - 40% - 1:42
PP Defense
1 - 63% - 60% - 2:29
2 - 37% - 40% - 1:29
PK Forward
1 - 80% - 60% - 1:35
2 - 20% - 40% - 0:24
PK Defense
1 - 55% - 60% - 1:05
2 - 45% - 40% - 0:54
PK3 Forward
1 - 0% - 60%
2 - 0% - 40%
PK3 Defense
1 - 0% - 60%
2 - 0% - 40%
44 Forward
1 - 0% - 60%
2 - 0% - 40%
44 Defense
1 - 0% - 60%
2 - 0% - 40%
Last Minute Offensive  - 0:00
Last Minute Defensive  - 0:00
Total
Forward - 60:00
Defense - 60:00

Play by Play

1st period


0:01 of 1st period - Patrice Bergeron wins face-off versus Matt Duchene in neutral zone.
0:08 of 1st period - Slapshot by Milan Lucic.
0:08 of 1st period - Shot Misses the Net.
0:10 of 1st period - Slapshot by Ryan Suter.
0:10 of 1st period - Stopped by Ryan Miller without a rebound.
0:11 of 1st period - Jonathan Toews wins face-off versus Sean Couturier in Devils zone.
0:15 of 1st period - Off-side.
0:16 of 1st period - Jonathan Toews wins face-off versus Sean Couturier in neutral zone.
0:25 of 1st period - Snap shot by Steve Downie.
0:25 of 1st period - Stopped by Frederik Andersen without a rebound.
0:26 of 1st period - Stephen Weiss wins face-off versus Scott Gomez in Rangers zone.
0:26 of 1st period - Stephen Weiss is hit by Ondrej Palat.
0:39 of 1st period - Icing by Dmitry Kulikov.
0:40 of 1st period - Scott Gomez wins face-off versus Patrice Bergeron in Devils zone.
1:21 of 1st period - Snap shot by Ondrej Palat.
1:21 of 1st period - Stopped by Frederik Andersen without a rebound.
1:22 of 1st period - Matt Duchene wins face-off versus Sean Couturier in Rangers zone.
1:38 of 1st period - Minor Penalty to Matt Greene for Roughing.
1:39 of 1st period - Jonathan Toews wins face-off versus Stephen Weiss in Rangers zone.
1:41 of 1st period - Backhand shot by Jonathan Toews.
1:41 of 1st period - Stopped by Frederik Andersen with a rebound.
1:43 of 1st period - Snap shot by Tyler Cuma.
1:43 of 1st period - Shot Misses the Net.
1:45 of 1st period - Slapshot by Tyler Cuma.
1:45 of 1st period - Shot Misses the Net.
1:47 of 1st period - Wrist shot by Taylor Hall.
1:47 of 1st period - Stopped by Frederik Andersen without a rebound.
1:48 of 1st period - Stephen Weiss wins face-off versus Jonathan Toews in Rangers zone.
2:17 of 1st period - Snap shot by Jakob Silfverberg.
2:17 of 1st period - Shot Misses the Net.
3:38 of 1st period - Penalty to Matt Greene is over, Matt Greene is back on ice.
4:08 of 1st period - Slapshot by Scott Gomez.
4:08 of 1st period - Stopped by Frederik Andersen with a rebound.
4:16 of 1st period - Minor Penalty to Chris Bourque for Interference.
4:17 of 1st period - Jonathan Toews wins face-off versus Stephen Weiss in Rangers zone.
4:18 of 1st period - Backhand shot by Taylor Hall.
4:18 of 1st period - Stopped by Frederik Andersen without a rebound.
4:19 of 1st period - Stephen Weiss wins face-off versus Jonathan Toews in Rangers zone.
4:32 of 1st period - Wrist shot by Taylor Hall.
4:32 of 1st period - Shot Misses the Net.
5:50 of 1st period - Gustav Nyquist is hit by Patrick Kane.
6:15 of 1st period - Icing by Jonathan Toews.
6:16 of 1st period - Penalty to Chris Bourque is over, Chris Bourque is back on ice.
6:16 of 1st period - Matt Duchene wins face-off versus Sean Couturier in Devils zone.
6:29 of 1st period - Travis Hamonic is hit by Artem Anisimov and loses puck.
7:00 of 1st period - Matt Greene is hit by Tyler Cuma and loses puck.
7:11 of 1st period - Wrist shot by Jaden Schwartz.
7:11 of 1st period - Stopped by Frederik Andersen with a rebound.
7:35 of 1st period - Backhand shot by Chris Bourque.
7:35 of 1st period - Stopped by Ryan Miller without a rebound.
7:36 of 1st period - Patrice Bergeron wins face-off versus Matt Duchene in Devils zone.
8:10 of 1st period - Snap shot by James Neal.
8:10 of 1st period - Stopped by Ryan Miller with a rebound.
8:12 of 1st period - Slapshot by Colten Teubert.
8:12 of 1st period - Deflect By James Neal.
8:12 of 1st period - Goal by James Neal - Rangers : 1 - Devils : 0.
8:13 of 1st period - Patrice Bergeron wins face-off versus Matt Duchene in neutral zone.
8:40 of 1st period - Tyler Cuma is hit by Stephen Weiss and loses puck.
8:45 of 1st period - Snap shot by Stephen Weiss.
8:45 of 1st period - Stopped by Ryan Miller with a rebound.
8:47 of 1st period - Snap shot by Matt Greene.
8:47 of 1st period - Shot Misses the Net.
8:49 of 1st period - Wrist shot by Matt Read.
8:49 of 1st period - Shot Misses the Net.
8:51 of 1st period - Slapshot by Mark Fistric.
8:51 of 1st period - Stopped by Ryan Miller with a rebound.
8:53 of 1st period - Snap shot by Stephen Weiss.
8:53 of 1st period - Shot Misses the Net.
9:33 of 1st period - Wrist shot by Tyler Bozak.
9:33 of 1st period - Stopped by Frederik Andersen without a rebound.
9:34 of 1st period - Patrice Bergeron wins face-off versus Matt Duchene in Rangers zone.
9:40 of 1st period - Icing by Patrick Kane.
9:41 of 1st period - Matt Duchene wins face-off versus Patrice Bergeron in Devils zone.
9:48 of 1st period - Snap shot by Milan Lucic.
9:48 of 1st period - Shot Misses the Net.
10:00 of 1st period - Slapshot by Patrick Kane.
10:00 of 1st period - Goal by Patrick Kane - Rangers : 1 - Devils : 1.
10:01 of 1st period - Patrice Bergeron wins face-off versus Matt Duchene in neutral zone.
10:28 of 1st period - Tyler Cuma is hit by Richard Panik and loses puck.
10:37 of 1st period - Snap shot by Jaden Schwartz.
10:37 of 1st period - Shot Blocked by Cam Barker.
10:55 of 1st period - Stephen Weiss is hit by Anthony Stewart and loses puck.
11:24 of 1st period - Wrist shot by Artem Anisimov.
11:24 of 1st period - Stopped by Ryan Miller without a rebound.
11:25 of 1st period - Steve Downie wins face-off versus Patrice Bergeron in Devils zone.
11:30 of 1st period - Snap shot by Milan Lucic.
11:30 of 1st period - Stopped by Ryan Miller without a rebound.
11:31 of 1st period - Patrice Bergeron wins face-off versus Jonathan Toews in Devils zone.
11:32 of 1st period - Snap shot by Milan Lucic.
11:32 of 1st period - Shot Misses the Net.
11:34 of 1st period - Snap shot by Jakob Silfverberg.
11:34 of 1st period - Stopped by Ryan Miller with a rebound.
11:36 of 1st period - Snap shot by Alexei Emelin.
11:36 of 1st period - Stopped by Ryan Miller without a rebound.
11:37 of 1st period - Patrice Bergeron wins face-off versus Matt Duchene in Devils zone.
11:40 of 1st period - Snap shot by Jakob Silfverberg.
11:40 of 1st period - Stopped by Ryan Miller without a rebound.
11:41 of 1st period - Taylor Hall wins face-off versus Patrice Bergeron in Devils zone.
11:48 of 1st period - Ryan Suter is hit by Taylor Hall and loses puck.
12:50 of 1st period - Milan Lucic is hit by Matt Duchene and loses puck.
13:05 of 1st period - Patrick Kane is hit by Patrice Bergeron and loses puck.
13:32 of 1st period - Patrice Bergeron is hit by Tyler Cuma and loses puck.
14:50 of 1st period - Slapshot by Cam Barker.
14:50 of 1st period - Shot Blocked by Ryan O'Byrne.
15:00 of 1st period - Wrist shot by Taylor Hall.
15:00 of 1st period - Shot Misses the Net.
15:02 of 1st period - Snap shot by Taylor Hall.
15:02 of 1st period - Stopped by Frederik Andersen without a rebound.
15:03 of 1st period - Jonathan Toews wins face-off versus Sean Couturier in Rangers zone.
15:30 of 1st period - Gustav Nyquist is hit by Scott Gomez and loses puck.
15:59 of 1st period - Wrist shot by Anthony Stewart.
15:59 of 1st period - Shot Misses the Net.
16:30 of 1st period - Off-side.
16:31 of 1st period - Scott Gomez wins face-off versus Gustav Nyquist in neutral zone.
16:44 of 1st period - Snap shot by Stephen Weiss.
16:44 of 1st period - Shot Misses the Net.
16:46 of 1st period - Slapshot by Matt Greene.
16:46 of 1st period - Stopped by Ryan Miller with a rebound.
16:48 of 1st period - Snap shot by Stephen Weiss.
16:48 of 1st period - Shot Misses the Net.
16:50 of 1st period - Slapshot by Matt Read.
16:50 of 1st period - Stopped by Ryan Miller with a rebound.
16:52 of 1st period - Slapshot by Matt Greene.
16:52 of 1st period - Shot Blocked by Colton Parayko.
16:54 of 1st period - Snap shot by Stephen Weiss.
16:54 of 1st period - Stopped by Ryan Miller without a rebound.
16:55 of 1st period - Sean Couturier wins face-off versus Jonathan Toews in Devils zone.
17:04 of 1st period - Wrist shot by Sean Couturier.
17:04 of 1st period - Stopped by Ryan Miller with a rebound.
18:12 of 1st period - Ben Lovejoy is hit by James Neal and loses puck.
18:21 of 1st period - Wrist shot by Sean Couturier.
18:21 of 1st period - Shot Blocked by Nikita Kucherov.
18:23 of 1st period - Snap shot by Sean Couturier.
18:23 of 1st period - Deflect By James Neal.
18:23 of 1st period - Shot Blocked by Travis Hamonic.
18:23 of 1st period - Puck is out of play.
18:24 of 1st period - Jonathan Toews wins face-off versus Stephen Weiss in Devils zone.
18:45 of 1st period - Jonathan Toews is hit by Matt Greene and loses puck.
18:57 of 1st period - Icing by Colton Parayko.
18:58 of 1st period - Stephen Weiss wins face-off versus Jonathan Toews in Devils zone.
18:59 of 1st period - Snap shot by Matt Read.
18:59 of 1st period - Stopped by Ryan Miller with a rebound.
19:24 of 1st period - Colton Parayko is hit by Chris Bourque and loses puck.
19:39 of 1st period - Snap shot by Jaden Schwartz.
19:39 of 1st period - Shot Misses the Net.
19:43 of 1st period - Wrist shot by Jaden Schwartz.
19:43 of 1st period - Stopped by Frederik Andersen without a rebound.
19:44 of 1st period - Matt Duchene wins face-off versus Stephen Weiss in Rangers zone.
19:45 of 1st period - Snap shot by Taylor Hall.
19:45 of 1st period - Shot Misses the Net.
19:47 of 1st period - Wrist shot by Patrick Kane.
19:47 of 1st period - Goal by Patrick Kane - Rangers : 1 - Devils : 2.
19:48 of 1st period - Matt Duchene wins face-off versus Sean Couturier in neutral zone.
Goals for this period are 1 for Rangers vs 2 for Devils.
Shots for this period are 16 for Rangers vs 12 for Devils.

2nd period


0:01 of 2nd period - Sean Couturier wins face-off versus Matt Duchene in neutral zone.
0:04 of 2nd period - Taylor Hall is hit by Sean Couturier and loses puck.
0:13 of 2nd period - Wrist shot by James Neal.
0:13 of 2nd period - Deflect By Sean Couturier.
0:13 of 2nd period - Shot Misses the Net.
0:13 of 2nd period - Puck is out of play.
0:14 of 2nd period - Patrice Bergeron wins face-off versus Matt Duchene in Devils zone.
1:03 of 2nd period - Slapshot by Nikita Kucherov.
1:03 of 2nd period - Shot Misses the Net.
1:07 of 2nd period - Slapshot by Ondrej Palat.
1:07 of 2nd period - Deflect By Nikita Kucherov.
1:07 of 2nd period - Shot Blocked by Matt Greene.
1:07 of 2nd period - Puck is out of play.
1:08 of 2nd period - Scott Gomez wins face-off versus Patrice Bergeron in Rangers zone.
2:05 of 2nd period - Wrist shot by Jaden Schwartz.
2:05 of 2nd period - Shot Misses the Net.
2:47 of 2nd period - Scott Gomez is hit by Alexei Emelin and loses puck.
2:59 of 2nd period - Icing by Tyler Cuma.
3:00 of 2nd period - Stephen Weiss wins face-off versus Matt Duchene in Devils zone.
3:03 of 2nd period - Wrist shot by Stephen Weiss.
3:03 of 2nd period - Deflect By Ryan O'Byrne.
3:03 of 2nd period - Stopped by Ryan Miller with a rebound.
3:11 of 2nd period - Slapshot by Taylor Hall.
3:11 of 2nd period - Shot Misses the Net.
3:13 of 2nd period - Slapshot by Ryan O'Byrne.
3:13 of 2nd period - Deflect By Matt Greene.
3:13 of 2nd period - Stopped by Frederik Andersen without a rebound.
3:14 of 2nd period - Jonathan Toews wins face-off versus Patrice Bergeron in Rangers zone.
3:15 of 2nd period - Snap shot by Jaden Schwartz.
3:15 of 2nd period - Stopped by Frederik Andersen without a rebound.
3:16 of 2nd period - Patrice Bergeron wins face-off versus Jonathan Toews in Rangers zone.
3:50 of 2nd period - Patrick Kane is hit by Sean Couturier and loses puck.
4:09 of 2nd period - Kellan Lain is hit by Matt Greene.
4:44 of 2nd period - Ryan Suter is hit by Jonathan Toews and loses puck.
5:15 of 2nd period - Matt Read is hit by Patrick Kane and loses puck.
6:26 of 2nd period - Snap shot by James Neal.
6:26 of 2nd period - Stopped by Ryan Miller without a rebound.
6:27 of 2nd period - Matt Duchene wins face-off versus Patrice Bergeron in Devils zone.
6:53 of 2nd period - Steve Downie is hit by Matt Read and loses puck.
7:20 of 2nd period - Wrist shot by Ryan Suter.
7:20 of 2nd period - Stopped by Ryan Miller with a rebound.
7:46 of 2nd period - Off-side.
7:47 of 2nd period - Patrice Bergeron wins face-off versus Matt Duchene in neutral zone.
8:48 of 2nd period - Snap shot by Jaden Schwartz.
8:48 of 2nd period - Stopped by Frederik Andersen without a rebound.
8:49 of 2nd period - Jonathan Toews wins face-off versus Patrice Bergeron in Rangers zone.
8:52 of 2nd period - Slapshot by Jaden Schwartz.
8:52 of 2nd period - Deflect By Jonathan Toews.
8:52 of 2nd period - Shot Blocked by Jakob Silfverberg.
8:52 of 2nd period - Puck is out of play.
8:53 of 2nd period - Jonathan Toews wins face-off versus Patrice Bergeron in Rangers zone.
9:06 of 2nd period - Snap shot by Milan Lucic.
9:06 of 2nd period - Stopped by Ryan Miller without a rebound.
9:07 of 2nd period - Matt Duchene wins face-off versus Patrice Bergeron in Devils zone.
9:16 of 2nd period - Snap shot by Jakob Silfverberg.
9:16 of 2nd period - Stopped by Ryan Miller without a rebound.
9:17 of 2nd period - Taylor Hall wins face-off versus Patrice Bergeron in Devils zone.
9:36 of 2nd period - Wrist shot by Patrice Bergeron.
9:36 of 2nd period - Stopped by Ryan Miller with a rebound.
9:38 of 2nd period - Wrist shot by Milan Lucic.
9:38 of 2nd period - Shot Misses the Net.
9:40 of 2nd period - Slapshot by Ryan Suter.
9:40 of 2nd period - Stopped by Ryan Miller with a rebound.
10:21 of 2nd period - Wrist shot by Jakob Silfverberg.
10:21 of 2nd period - Stopped by Ryan Miller with a rebound.
10:23 of 2nd period - Snap shot by Milan Lucic.
10:23 of 2nd period - Stopped by Ryan Miller without a rebound.
10:24 of 2nd period - Jonathan Toews wins face-off versus Sean Couturier in Devils zone.
10:24 of 2nd period - Jonathan Toews is hit by Mark Fistric.
10:58 of 2nd period - Snap shot by Stephen Weiss.
10:58 of 2nd period - Stopped by Ryan Miller with a rebound.
11:00 of 2nd period - Wrist shot by Matt Greene.
11:00 of 2nd period - Shot Misses the Net.
11:02 of 2nd period - Wrist shot by Gustav Nyquist.
11:02 of 2nd period - Stopped by Ryan Miller without a rebound.
11:03 of 2nd period - Artem Anisimov wins face-off versus Jonathan Toews in Devils zone.
11:04 of 2nd period - Wrist shot by Chris Bourque.
11:04 of 2nd period - Shot Misses the Net.
11:16 of 2nd period - Artem Anisimov is hit by Colton Parayko and loses puck.
11:29 of 2nd period - Dmitry Kulikov is hit by James Neal and loses puck.
11:48 of 2nd period - Snap shot by Kellan Lain.
11:48 of 2nd period - Shot Blocked by Ryan Suter.
11:56 of 2nd period - Kellan Lain is hit by Stephen Weiss and loses puck.
12:34 of 2nd period - Wrist shot by Richard Panik.
12:34 of 2nd period - Stopped by Ryan Miller with a rebound.
12:52 of 2nd period - Taylor Hall is hit by Colten Teubert and loses puck.
13:11 of 2nd period - Snap shot by Matt Read.
13:11 of 2nd period - Shot Misses the Net.
13:13 of 2nd period - Snap shot by Matt Read.
13:13 of 2nd period - Stopped by Ryan Miller without a rebound.
13:14 of 2nd period - Milan Lucic wins face-off versus Jonathan Toews in Devils zone.
13:15 of 2nd period - Snap shot by Jakob Silfverberg.
13:15 of 2nd period - Stopped by Ryan Miller without a rebound.
13:16 of 2nd period - Jaden Schwartz wins face-off versus Patrice Bergeron in Devils zone.
13:23 of 2nd period - Slapshot by Tyler Cuma.
13:23 of 2nd period - Stopped by Frederik Andersen with a rebound.
13:25 of 2nd period - Slapshot by Ryan O'Byrne.
13:25 of 2nd period - Stopped by Frederik Andersen without a rebound.
13:26 of 2nd period - Patrice Bergeron wins face-off versus Jonathan Toews in Rangers zone.
13:32 of 2nd period - Icing by Steve Downie.
13:33 of 2nd period - Patrice Bergeron wins face-off versus Steve Downie in Devils zone.
13:36 of 2nd period - Wrist shot by Milan Lucic.
13:36 of 2nd period - Shot Blocked by Ryan O'Byrne.
13:52 of 2nd period - Snap shot by Jaden Schwartz.
13:52 of 2nd period - Stopped by Frederik Andersen with a rebound.
13:54 of 2nd period - Slapshot by Ryan O'Byrne.
13:54 of 2nd period - Stopped by Frederik Andersen without a rebound.
13:55 of 2nd period - Sean Couturier wins face-off versus Matt Duchene in Rangers zone.
14:10 of 2nd period - Snap shot by Patrick Kane.
14:10 of 2nd period - Stopped by Frederik Andersen without a rebound.
14:11 of 2nd period - Patrice Bergeron wins face-off versus Jonathan Toews in Rangers zone.
14:38 of 2nd period - Ryan Suter is hit by Tyler Cuma and loses puck.
15:27 of 2nd period - Snap shot by Artem Anisimov.
15:27 of 2nd period - Deflect By Magnus Paajarvi-Svensson.
15:27 of 2nd period - Shot Blocked by Dmitry Kulikov.
15:27 of 2nd period - Puck is out of play.
15:28 of 2nd period - Matt Duchene wins face-off versus Jakob Silfverberg in Devils zone.
15:56 of 2nd period - Snap shot by Sean Couturier.
15:56 of 2nd period - Stopped by Ryan Miller without a rebound.
15:57 of 2nd period - Sean Couturier wins face-off versus Jonathan Toews in Devils zone.
16:05 of 2nd period - Minor Penalty to Dmitry Kulikov for Tripping.
16:06 of 2nd period - Scott Gomez wins face-off versus Patrice Bergeron in Devils zone.
16:18 of 2nd period - Jakob Silfverberg is hit by Ben Lovejoy and loses puck.
16:59 of 2nd period - Wrist shot by Patrick Kane.
16:59 of 2nd period - Shot Blocked by Patrice Bergeron.
18:05 of 2nd period - Penalty to Dmitry Kulikov is over, Dmitry Kulikov is back on ice.
18:29 of 2nd period - Icing by Colton Parayko.
18:30 of 2nd period - Matt Duchene wins face-off versus Stephen Weiss in Devils zone.
18:30 of 2nd period - Matt Duchene is hit by Colten Teubert.
19:14 of 2nd period - Wrist shot by Kellan Lain.
19:14 of 2nd period - Stopped by Frederik Andersen without a rebound.
19:15 of 2nd period - Jonathan Toews wins face-off versus Stephen Weiss in Rangers zone.
19:18 of 2nd period - Slapshot by Jonathan Toews.
19:18 of 2nd period - Shot Misses the Net.
19:20 of 2nd period - Slapshot by Tyler Cuma.
19:20 of 2nd period - Stopped by Frederik Andersen without a rebound.
19:21 of 2nd period - Jonathan Toews wins face-off versus Stephen Weiss in Rangers zone.
19:22 of 2nd period - Backhand shot by Jaden Schwartz.
19:22 of 2nd period - Stopped by Frederik Andersen with a rebound.
19:24 of 2nd period - Snap shot by Jonathan Toews.
19:24 of 2nd period - Stopped by Frederik Andersen with a rebound.
19:26 of 2nd period - Snap shot by Jaden Schwartz.
19:26 of 2nd period - Stopped by Frederik Andersen with a rebound.
19:28 of 2nd period - Wrist shot by Steve Downie.
19:28 of 2nd period - Stopped by Frederik Andersen without a rebound.
19:29 of 2nd period - Taylor Hall wins face-off versus Patrice Bergeron in Rangers zone.
Goals for this period are 0 for Rangers vs 0 for Devils.
Shots for this period are 15 for Rangers vs 14 for Devils.

3rd period


0:01 of 3rd period - Patrice Bergeron wins face-off versus Matt Duchene in neutral zone.
0:26 of 3rd period - Travis Hamonic is hit by Sean Couturier and loses puck.
0:31 of 3rd period - Wrist shot by James Neal.
0:31 of 3rd period - Shot Misses the Net.
1:05 of 3rd period - Icing by Tyler Cuma.
1:06 of 3rd period - Tyler Bozak wins face-off versus Artem Anisimov in Devils zone.
1:27 of 3rd period - Chris Bourque is hit by Patrick Kane and loses puck.
1:38 of 3rd period - Slapshot by Alexei Emelin.
1:38 of 3rd period - Deflect By Artem Anisimov.
1:38 of 3rd period - Stopped by Ryan Miller without a rebound.
1:39 of 3rd period - Jonathan Toews wins face-off versus Patrice Bergeron in Devils zone.
1:44 of 3rd period - Jakob Silfverberg is hit by Steve Downie and loses puck.
2:35 of 3rd period - Snap shot by Matt Read.
2:35 of 3rd period - Stopped by Ryan Miller with a rebound.
2:49 of 3rd period - Wrist shot by Chris Bourque.
2:49 of 3rd period - Shot Misses the Net.
2:51 of 3rd period - Snap shot by Chris Bourque.
2:51 of 3rd period - Stopped by Ryan Miller without a rebound.
2:52 of 3rd period - Patrick Kane wins face-off versus Artem Anisimov in Devils zone.
3:19 of 3rd period - Mark Fistric is hit by Jaden Schwartz and loses puck.
3:28 of 3rd period - Snap shot by Jaden Schwartz.
3:28 of 3rd period - Deflect By Steve Downie.
3:28 of 3rd period - Stopped by Frederik Andersen with a rebound.
3:30 of 3rd period - Wrist shot by Jonathan Toews.
3:30 of 3rd period - Shot Blocked by Matt Greene.
3:44 of 3rd period - Slapshot by Matt Greene.
3:44 of 3rd period - Deflect By Richard Panik.
3:44 of 3rd period - Stopped by Ryan Miller with a rebound.
3:59 of 3rd period - Mark Fistric is hit by Ben Lovejoy and loses puck.
4:43 of 3rd period - Icing by Colten Teubert.
4:44 of 3rd period - Patrice Bergeron wins face-off versus Jonathan Toews in Rangers zone.
5:09 of 3rd period - Snap shot by Dmitry Kulikov.
5:09 of 3rd period - Deflect By Richard Panik.
5:09 of 3rd period - Stopped by Frederik Andersen with a rebound.
5:21 of 3rd period - Snap shot by Sean Couturier.
5:21 of 3rd period - Stopped by Ryan Miller without a rebound.
5:22 of 3rd period - Matt Duchene wins face-off versus Stephen Weiss in Devils zone.
5:54 of 3rd period - Tyler Cuma is hit by Matt Greene and loses puck.
6:18 of 3rd period - Slapshot by Ben Lovejoy.
6:18 of 3rd period - Stopped by Frederik Andersen with a rebound.
7:25 of 3rd period - Jakob Silfverberg is hit by Nikita Kucherov and loses puck.
7:45 of 3rd period - Snap shot by Ondrej Palat.
7:45 of 3rd period - Shot Blocked by Alexei Emelin.
8:01 of 3rd period - Wrist shot by Nikita Kucherov.
8:01 of 3rd period - Stopped by Frederik Andersen without a rebound.
8:02 of 3rd period - Matt Duchene wins face-off versus Sean Couturier in Rangers zone.
8:35 of 3rd period - Snap shot by Gustav Nyquist.
8:35 of 3rd period - Deflect By Stephen Weiss.
8:35 of 3rd period - Shot Misses the Net.
8:35 of 3rd period - Puck is out of play.
8:36 of 3rd period - Jonathan Toews wins face-off versus Gustav Nyquist in Devils zone.
8:36 of 3rd period - Jonathan Toews is hit by Stephen Weiss.
10:15 of 3rd period - Snap shot by Sean Couturier.
10:15 of 3rd period - Shot Blocked by Colton Parayko.
10:27 of 3rd period - Wrist shot by James Neal.
10:27 of 3rd period - Stopped by Ryan Miller without a rebound.
10:28 of 3rd period - Matt Duchene wins face-off versus Patrice Bergeron in Devils zone.
10:36 of 3rd period - Icing by Cam Barker.
10:37 of 3rd period - Matt Duchene wins face-off versus Patrice Bergeron in Rangers zone.
11:04 of 3rd period - Snap shot by Jakob Silfverberg.
11:04 of 3rd period - Stopped by Ryan Miller with a rebound.
11:06 of 3rd period - Snap shot by Ryan Suter.
11:06 of 3rd period - Shot Misses the Net.
11:08 of 3rd period - Slapshot by Milan Lucic.
11:08 of 3rd period - Deflect By Taylor Hall.
11:08 of 3rd period - Shot Blocked by Taylor Hall.
11:08 of 3rd period - Puck is out of play.
11:09 of 3rd period - Scott Gomez wins face-off versus Matt Read in Devils zone.
11:09 of 3rd period - Scott Gomez is hit by Stephen Weiss.
11:34 of 3rd period - Magnus Paajarvi-Svensson is hit by Anthony Stewart and loses puck.
11:47 of 3rd period - Magnus Paajarvi-Svensson is hit by Tyler Bozak and loses puck.
12:04 of 3rd period - Snap shot by Milan Lucic.
12:04 of 3rd period - Shot Misses the Net.
12:08 of 3rd period - Snap shot by Milan Lucic.
12:08 of 3rd period - Stopped by Ryan Miller with a rebound.
13:37 of 3rd period - Snap shot by Jonathan Toews.
13:37 of 3rd period - Shot Blocked by Cam Barker.
13:39 of 3rd period - Wrist shot by Steve Downie.
13:39 of 3rd period - Goal by Steve Downie - Rangers : 1 - Devils : 3.
13:40 of 3rd period - Matt Duchene wins face-off versus Patrice Bergeron in neutral zone.
14:17 of 3rd period - Snap shot by Stephen Weiss.
14:17 of 3rd period - Stopped by Ryan Miller with a rebound.
14:19 of 3rd period - Snap shot by Stephen Weiss.
14:19 of 3rd period - Shot Blocked by Patrick Kane.
14:21 of 3rd period - Slapshot by Alexei Emelin.
14:21 of 3rd period - Stopped by Ryan Miller with a rebound.
14:23 of 3rd period - Slapshot by Alexei Emelin.
14:23 of 3rd period - Shot Misses the Net.
14:35 of 3rd period - Slapshot by Tyler Cuma.
14:35 of 3rd period - Deflect By Jaden Schwartz.
14:35 of 3rd period - Stopped by Frederik Andersen without a rebound.
14:36 of 3rd period - Jonathan Toews wins face-off versus Sean Couturier in Rangers zone.
15:03 of 3rd period - Snap shot by James Neal.
15:03 of 3rd period - Shot Blocked by Dmitry Kulikov.
15:05 of 3rd period - Wrist shot by Sean Couturier.
15:05 of 3rd period - Shot Misses the Net.
15:07 of 3rd period - Wrist shot by Sean Couturier.
15:07 of 3rd period - Shot Misses the Net.
15:09 of 3rd period - Slapshot by James Neal.
15:09 of 3rd period - Shot Misses the Net.
15:17 of 3rd period - Wrist shot by Richard Panik.
15:17 of 3rd period - Stopped by Ryan Miller without a rebound.
15:18 of 3rd period - Stephen Weiss wins face-off versus Scott Gomez in Devils zone.
15:33 of 3rd period - Slapshot by Ondrej Palat.
15:33 of 3rd period - Deflect By Nikita Kucherov.
15:33 of 3rd period - Shot Misses the Net.
15:33 of 3rd period - Puck is out of play.
15:34 of 3rd period - Matt Duchene wins face-off versus Patrice Bergeron in Rangers zone.
15:47 of 3rd period - Tyler Cuma is hit by Patrice Bergeron and loses puck.
16:04 of 3rd period - Wrist shot by Nikita Kucherov.
16:04 of 3rd period - Stopped by Frederik Andersen with a rebound.
16:06 of 3rd period - Slapshot by Tyler Cuma.
16:06 of 3rd period - Shot Misses the Net.
16:45 of 3rd period - Dmitry Kulikov is hit by Ryan Suter and loses puck.
18:38 of 3rd period - Snap shot by Taylor Hall.
18:38 of 3rd period - Shot Blocked by Matt Read.
18:40 of 3rd period - Snap shot by Dmitry Kulikov.
18:40 of 3rd period - Shot Misses the Net.
18:46 of 3rd period - Snap shot by Patrick Kane.
18:46 of 3rd period - Shot Misses the Net.
18:48 of 3rd period - Slapshot by Taylor Hall.
18:48 of 3rd period - Shot Misses the Net.
18:50 of 3rd period - Wrist shot by Travis Hamonic.
18:50 of 3rd period - Stopped by Frederik Andersen with a rebound.
19:20 of 3rd period - Wrist shot by Patrick Kane.
19:20 of 3rd period - Shot Misses the Net.
19:26 of 3rd period - Snap shot by Taylor Hall.
19:26 of 3rd period - Stopped by Frederik Andersen with a rebound.
19:54 of 3rd period - Snap shot by Matt Duchene.
19:54 of 3rd period - Stopped by Frederik Andersen without a rebound.
19:55 of 3rd period - Sean Couturier wins face-off versus Scott Gomez in Rangers zone.
Goals for this period are 0 for Rangers vs 1 for Devils.
Shots for this period are 11 for Rangers vs 10 for Devils.